 Dungeon Crawl Stone Soup version 0.29-a0-723-gce39da1c22 (webtiles) character file.

Game seed: 16639384878771154036

25888 frimble the Carver (level 12, -8/113 HPs)
             Began as a Minotaur Hunter on June 28, 2022.
             Was a High Priest of Okawaru.
             Killed from afar by a fire dragon (42 damage)
             ... with a blast of flame
             ... on level 14 of the Dungeon.
             The game lasted 00:19:06 (13776 turns).

frimble the Carver (Minotaur Hunter)               Turns: 13776, Time: 00:19:07

Health: -8/113     AC: 16    Str: 16    XL:     12   Next: 93%
Magic:  16/17      EV: 21    Int:  8    God:    Okawaru [*****.]
Gold:   814        SH:  0    Dex: 17    Spells: 11/11 levels left

rFire   . . .      SeeInvis .   a - +2 double sword (vorpal)
rCold   + . .      Faith    .   (no shield)
rNeg    . . .      Spirit   .   B - +7 Kryia's mail coat {PotionHeal*2 rC+}
rPois   .          Reflect  .   (helmet restricted)
rElec   .          Harm     .   (no cloak)
rCorr   +          Rampage  .   j - +0 pair of gloves
Will    .....                   (no boots)
Stlth   ++........              v - amulet of regeneration
HPRegen 1.08/turn               D - +4 ring of evasion
MPRegen 0.15/turn               g - ring of resist corrosion

@: heroic
A: horns 2, retaliatory headbutt
a: Renounce Religion, Heroism, Finesse, Duel


You were on level 14 of the Dungeon.
You worshipped Okawaru.
Okawaru was extremely pleased with you.
You visited 2 branches of the dungeon, and saw 15 of its levels.

You collected 1090 gold pieces.
You spent 276 gold pieces at shops.

Inventory:

Hand Weapons
 a - a +2 vorpal double sword (weapon)
 b - a +3 rapier of speed
 z - a +2 scimitar of flaming
Missiles
 h - 10 curare-tipped darts (quivered)
Armour
 j - a +0 pair of gloves (worn)
 A - a +0 troll leather armour
 B - the +7 Kryia's mail coat (worn) {PotionHeal*2 rC+}
   (You found it on level 12 of the Dungeon)

   Potions are twice as effective at healing its wearer.
   rC:        It protects you from cold.
Jewellery
 g - a ring of resist corrosion (right hand)
 v - an amulet of regeneration (around neck)
 x - an amulet of magic regeneration
 D - a +4 ring of evasion (left hand)
Wands
 k - a wand of paralysis (8)
 t - a wand of iceblast (5)
 u - a wand of flame (25)
 w - a wand of digging (17)
Scrolls
 d - 11 scrolls of teleportation
 i - 7 scrolls of immolation
 l - a scroll of amnesia
 r - 2 scrolls of identify
 y - 2 scrolls of magic mapping
Potions
 c - a potion of haste
 e - 2 potions of heal wounds
 f - 4 potions of lignification
 m - a potion of mutation
 n - a potion of flight {unknown}
 o - a potion of cancellation
 p - 4 potions of curing
 q - a potion of brilliance
 s - 4 potions of ambrosia


   Skills:
 - Level 12.4(17.4) Fighting
 - Level 1.2(13.9) Short Blades
 - Level 14.8(19.8) Long Blades
 - Level 5.4(10.4) Maces & Flails
 - Level 4.5(9.5) Ranged Weapons
 - Level 4.1(9.1) Throwing
 - Level 3.5(8.5) Armour
 - Level 10.0(15.0) Dodging
 - Level 1.1(6.1) Stealth
 + Level 9.1 Invocations
 - Level 3.0 Evocations


You had 11 spell levels left.
You didn't know any spells.
Your spell library contained the following spells:

 Spells                   Type           Power      Damage    Failure   Level
 Apportation              Tloc           0%         N/A       78%         1
 Necrotize                Necr           0%         1d4       78%         1
 Conjure Flame            Conj/Fire      0%         6-21      98%         3
 Ignite Poison            Fire/Tmut/Pois 0%         N/A       98%         3
 Ozocubu's Armour         Ice            0%         N/A       98%         3
 Portal Projectile        Hex/Tloc       0%         N/A       98%         3
 Vampiric Draining        Necr           0%         2d6       98%         3
 Fulminant Prism          Conj/Hex       0%         3d6       100%        4
 Iskenderun's Mystic Bla  Conj/Tloc      0%         2d3       100%        4
 Leda's Liquefaction      Hex/Erth       0%         N/A       100%        4
 Sticky Flame             Conj/Fire      0%         2d3       100%        4
 Agony                    Necr           0%         N/A       100%        5
 Alistair's Intoxication  Tmut/Pois      0%         N/A       100%        5
 Lee's Rapid Deconstruct  Erth           0%         3d5*      100%        5
 Metabolic Englaciation   Hex/Ice        0%         N/A       100%        5
 Call Canine Familiar     Summ           Unusable   N/A       N/A         3
 Simulacrum               Ice/Necr       Unusable   N/A       N/A         6

Dungeon Overview and Level Annotations

Branches:
Dungeon (14/15)            Temple (1/1) D:6            Lair (0/6) D:11
    Orc (0/2) D:10
 Vaults: D:13-14

Altars:
Ashenzari
Fedhas
Gozag
Okawaru
Qazlal
Ru
Trog
Uskayaw
Wu Jian
Xom
The Shining One

Shops:
D:3 !   D:4 *   D:6 *   D:7 *   D:9 *([[(

Annotations:
D:11 2 transporters
D:12 2 runed translucent doors, Josephine


Innate Abilities, Weirdness & Mutations

You have a pair of horns on your head.
You reflexively headbutt those who attack you in melee.


Message History

The fire dragon is lightly wounded.
The fire dragon breathes flames at you. The blast of flame hits you!!!
You are too injured to fight recklessly!
You are too injured to fight recklessly!
You are too injured to fight recklessly!
You are too injured to fight recklessly!
You are too injured to fight recklessly!
You are too injured to fight recklessly!
You are too injured to fight recklessly!
You are too injured to fight recklessly!
You are too injured to fight recklessly!
You are too injured to fight recklessly!
You are too injured to fight recklessly!
You are too injured to fight recklessly!
You slash the fire dragon!
The fire dragon is moderately wounded.
The fire dragon bites you. The fire dragon claws you.
The fire dragon misses you.
You hit the fire dragon but do no damage.
The fire dragon is moderately wounded.
You hit the fire dragon. Your headbutt misses the fire dragon.
You punch the fire dragon.
The fire dragon is moderately wounded.
The fire dragon bites you. The fire dragon misses you.
The fire dragon barely misses you.
You slash the fire dragon! You headbutt the fire dragon.
The fire dragon is heavily wounded.
The fire dragon closely misses you. The fire dragon claws you.
* * * LOW HITPOINT WARNING * * *
The fire dragon misses you.
You slice the fire dragon!!
You punch the fire dragon, but do no damage.
The fire dragon is severely wounded.
You hit the fire dragon but do no damage.
Your headbutt misses the fire dragon.
The fire dragon is severely wounded.
The fire dragon breathes flames at you. The blast of flame hits you!!!
You die...

##########################
.........)................
...................####...
..........................
..........#..####.........
....>.....#..####.........
.....................>....
....###'##############+##.
... #....@D.............#.
#......(............#.
#..<................#.
#...................#.
#############.......#)
#.......'. ........#.
........#. ........#.


You could see a fire dragon (catching breath).

Vanquished Creatures
  The ghost of Selrock the Fighter, a journeyman MiFi of Okawaru (D:13)
  A hydra (D:11)
  Erolcha (D:12)
  3 two-headed ogres
  The ghost of Gus979 the Thaumaturge, a journeyman DrIE of Hepliaklqana (D:10)
  A centaur warrior (D:13)
  6 death yaks (D:11)
  An ugly thing (D:12)
  A manticore (D:13)
  A cyclops (D:12)
  Joseph (D:7)
  A gargoyle (D:11)
  Psyche (D:10)
  Maggie (D:7)
  8 kobold demonologists
  An efreet (D:14)
  5 slime creatures (D:12)
  4 trolls
  Prince Ribbit (D:7)
  A spectral meliai (D:10)
  2 centaur simulacra (D:10)
  Sigmund (D:6)
  2 wyverns
  A vampire (D:12)
  3 wraiths
  Grum (D:8)
  3 steam dragons
  17 vampire mosquitoes
  A warg (D:10)
  4 acid dragons
  A water moccasin (D:8)
  Duvessa (D:7)
  A meliai simulacrum (D:10)
  8 orc warriors
  2 ice beasts
  A sky beast (D:6)
  3 ogres
  A black bear (D:4)
  4 wolves
  11 centaurs
  A phantom (D:6)
  9 kobold brigands
  2 bullfrogs
  Blork the orc (D:5)
  A necrophage (D:4)
  A gnoll sergeant (D:11)
  4 scorpions
  12 wights
  Dowan (D:7)
  9 killer bees
  4 howler monkeys
  2 gnoll shamans
  3 hounds
  7 orc priests
  5 jellies
  Jessica (D:2)
  2 iguanas (D:5)
  11 orc wizards
  11 gnolls
  5 adders
  3 shadow imps
  A white imp (D:7)
  An ufetubus (D:7)
  2 worms
  3 dart slugs
  35 orcs
  5 bats
  5 endoplasms
  A giant cockroach (D:2)
  12 goblins
  5 hobgoblins
  10 jackals
  2 quokkas
  5 ball pythons
  11 frilled lizards
  13 kobolds
  6 rats
321 creatures vanquished.

Vanquished Creatures (others)
  A water elemental (D:12)
  2 orcs (D:10)
  2 fungi (D:13)
  8 plants
13 creatures vanquished.

Grand Total: 334 creatures vanquished

Notes
Turn   | Place    | Note
-------+----------+-------------------------------------------
     0 | D:1      | frimble the Minotaur Hunter began the quest for the Orb.
     0 | D:1      | Reached XP level 1. HP: 18/18 MP: 0/0
    57 | D:1      | Reached skill level 1 in Stealth
   335 | D:1      | Reached XP level 2. HP: 22/25 MP: 1/1
   771 | D:1      | Found a faded altar of an unknown god.
  1157 | D:1      | Reached XP level 3. HP: 31/31 MP: 2/2
  1531 | D:2      | Noticed Jessica
  1538 | D:2      | Killed Jessica
  1539 | D:2      | Reached skill level 1 in Short Blades
  1786 | D:2      | Reached XP level 4. HP: 32/38 MP: 3/3
  2171 | D:2      | Reached skill level 1 in Maces & Flails
  2337 | D:3      | Found Jepop's Distillery.
  2362 | D:3      | Bought a potion of curing for 30 gold pieces
  2362 | D:3      | Bought a potion of heal wounds for 50 gold pieces
  2975 | D:3      | Reached XP level 5. HP: 41/45 MP: 4/4
  3664 | D:4      | Reached skill level 5 in Dodging
  3664 | D:4      | Reached XP level 6. HP: 30/51 MP: 5/5
  3810 | D:4      | Reached skill level 1 in Armour
  3985 | D:4      | Reached XP level 7. HP: 55/59 MP: 6/6
  4053 | D:4      | Found Sosoehit's General Store.
  4061 | D:4      | Bought a scroll of teleportation for 33 gold pieces
  4061 | D:4      | Bought a scroll of teleportation for 33 gold pieces
  4098 | D:4      | Reached skill level 5 in Maces & Flails
  4441 | D:5      | Entered Level 5 of the Dungeon
  4623 | D:5      | Reached skill level 5 in Fighting
  4781 | D:5      | Noticed Blork the orc
  4789 | D:5      | Killed Blork the orc
  4790 | D:5      | Reached skill level 2 in Long Blades
  5115 | D:5      | Reached skill level 3 in Long Blades
  5256 | D:6      | Reached skill level 4 in Long Blades
  5256 | D:6      | Reached XP level 8. HP: 54/68 MP: 7/7
  5427 | D:6      | Noticed Sigmund
  5438 | D:7      | Noticed Duvessa
  5439 | D:7      | Noticed Dowan
  5445 | D:7      | Killed Duvessa
  5446 | D:7      | Reached skill level 5 in Long Blades
  5450 | D:7      | Killed Dowan
  5627 | D:7      | Found a sacrificial altar of Ru.
  5651 | D:7      | Reached skill level 6 in Long Blades
  5816 | D:7      | Noticed Prince Ribbit
  5833 | D:7      | Reached skill level 7 in Long Blades
  5846 | D:7      | Killed Prince Ribbit
  5988 | D:7      | Found Alusel's Overcharged Wands.
  5991 | D:7      | Noticed Maggie
  6002 | D:7      | Killed Maggie
  6003 | D:7      | Reached skill level 8 in Long Blades
  6003 | D:7      | Reached XP level 9. HP: 63/74 MP: 8/8
  6169 | D:7      | Reached skill level 9 in Long Blades
  6219 | D:7      | Noticed Joseph
  6227 | D:7      | Noticed a two-headed ogre
  6474 | D:6      | Found a staircase to the Ecumenical Temple.
  6485 | Temple   | Entered the Ecumenical Temple
  6497 | Temple   | Became a worshipper of Warmaster Okawaru
  6509 | D:6      | Killed Sigmund
  6568 | D:6      | Found Gozag's Platinum Reserve.
  6568 | D:6      | Found an opulent altar of Gozag.
  6833 | D:6      | Found an ornate altar of the Wu Jian Council.
  6833 | D:6      | Found a blossoming altar of Fedhas.
  6995 | D:7      | Killed a two-headed ogre
  6995 | D:7      | Reached * piety under Okawaru
  7132 | D:7      | Killed Joseph
  7239 | D:7      | HP: 3/74 [centaur/arrow (6)]
  7585 | D:7      | Reached XP level 10. HP: 73/81 MP: 13/13
  8038 | D:8      | Noticed Grum
  8046 | D:8      | Noticed a sixfirhy
  8056 | D:9      | Found Basu's Antique Armour Shop.
  8058 | D:9      | Reached skill level 10 in Long Blades
  8393 | D:9      | Found Sile's Antique Weapon Shop.
  8689 | D:9      | Found Giroscho's Antique Armour Boutique.
  8736 | D:9      | Reached ** piety under Okawaru
  8758 | D:9      | Found Geim's Weapon Shop.
  8771 | D:9      | Found Xeuxiat's Assorted Antiques.
  8778 | D:9      | Bought a tiny emerald amulet for 130 gold pieces
  9167 | D:10     | Entered Level 10 of the Dungeon
  9486 | D:10     | Found a staircase to the Orcish Mines.
  9497 | D:10     | Reached *** piety under Okawaru
  9498 | D:10     | Reached skill level 11 in Long Blades
  9750 | D:10     | Noticed Psyche
  9756 | D:10     | Killed Psyche
  9853 | D:10     | Found a runed translucent gate.
  9853 | D:10     | Found a runed translucent gate.
  9854 | D:10     | Found a runed translucent gate.
  9856 | D:10     | Noticed Gus979's ghost (journeyman DrIE)
 10241 | D:8      | Noticed an orange demon
 10260 | D:8      | Reached XP level 11. HP: 79/89 MP: 14/14
 10381 | D:8      | Killed Grum
 10502 | D:8      | Reached **** piety under Okawaru
 10846 | D:11     | Found a transporter.
 10963 | D:11     | Noticed an eight-headed hydra
 11037 | D:12     | Reached skill level 12 in Long Blades
 11090 | D:12     | Found the +7 Kryia's mail coat {PotionHeal*2 rC+}
 11186 | D:12     | Noticed a purple ugly thing
 11194 | D:12     | Killed a purple ugly thing
 11304 | D:12     | Noticed Erolcha
 11309 | D:12     | Found a large runed translucent door.
 11309 | D:12     | Found a large runed translucent door.
 11315 | D:12     | Killed Erolcha
 11315 | D:12     | Reached ***** piety under Okawaru
 11315 | D:12     | Received a gift from Okawaru
 11330 | D:12     | Reached skill level 10 in Fighting
 11453 | D:12     | Noticed Josephine
 11514 | D:13     | Noticed a two-headed ogre
 11523 | D:13     | Killed a two-headed ogre
 11524 | D:13     | Reached skill level 13 in Long Blades
 11689 | D:13     | Reached skill level 10 in Dodging
 11711 | D:13     | Noticed a centaur warrior
 11723 | D:13     | Killed a centaur warrior
 11723 | D:13     | Received a gift from Okawaru
 11724 | D:13     | Reached XP level 12. HP: 56/108 MP: 15/15
 12198 | D:13     | Found a runed translucent gate.
 12198 | D:13     | Found a runed translucent gate.
 12199 | D:13     | Noticed Selrock's ghost (journeyman MiFi)
 12200 | D:13     | Found a runed translucent gate.
 12573 | D:9      | Noticed a two-headed ogre
 12593 | D:9      | Killed a two-headed ogre
 12711 | D:10     | Received a gift from Okawaru
 12723 | D:10     | Killed Gus979's ghost
 12725 | D:10     | Reached skill level 14 in Long Blades
 12792 | D:11     | Killed an eight-headed hydra
 12867 | D:11     | Noticed a death yak
 12870 | D:11     | Noticed a death yak
 12870 | D:11     | Noticed a death yak
 12884 | D:11     | Noticed a death yak
 12888 | D:11     | Noticed a death yak
 12889 | D:11     | Killed a death yak
 12898 | D:11     | Killed a death yak
 12901 | D:11     | Noticed a death yak
 12913 | D:11     | Killed a death yak
 12925 | D:11     | Killed a death yak
 12927 | D:11     | Killed a death yak
 12937 | D:11     | Killed a death yak
 12969 | D:11     | Found a staircase to the Lair.
 12974 | D:11     | Found a transporter.
 13419 | D:13     | Killed Selrock's ghost
 13765 | D:14     | Noticed a fire dragon
 13776 | D:14     | Killed from afar by a fire dragon

Illustrated notes

Levels and vault maps discovered:
D:1:      elethiomel_arrival_shortcut, layout_loops_ring,
          basic_ecumenical_altar, minmay_lizard_king
D:2:      layout_basic, minmay_stone_trees_medium, grunt_ministairs_5,
          uniq_jessica
D:3:      layout_loops_corners, serial_shops, nicolae_shop_stone
D:4:      layout_cave_pools, serial_shops, shop_fountains,
          nicolae_elevator_lobby_asterisk
D:5:      layout_rooms, uniq_blork_the_orc
D:6:      layout_cave_pools, gammafunk_temple_overflow_pools,
          nicolae_gozag_zags_fifth_avenue, minmay_temple_entry_antechambers,
          uniq_sigmund
D:7:      layout_basic, nicolae_ru_awakened_eye, nicolae_shop_overcharged_wands,
          uniq_duvessa, uniq_prince_ribbit1, uniq_maggie, uniq_joseph
D:8:      layout_cave_pools, uniq_grum
D:9:      layout_small_grid, serial_shops, nicolae_diamond_shop,
          nicolae_shop_overgrown_old_shop, nicolae_shop_trees,
          nicolae_diamond_shop, kennysheep_little_box
D:10:     layout_roguey, erik_orc_3, gammafunk_ghost_necromancy,
          minmay_crystal_room, chequers_serial_rivers_large_a,
          nicolae_two_hexagons, uniq_psyche
D:11:     gammafunk_cloud_chamber, layout_cave_pools, dpeg_lair_monsters
D:12:     layout_big_octagon, lightli_elemental_guards, uniq_josephine,
          uniq_erolcha
D:13:     layout_basic, gammafunk_ghost_nasty_kobolds
D:14:     layout_stronghold, erik_vaults_2, corexii_leaking_fountain
Temple:   compressed_dpeg_circular_temple

Skill      XL: |  1  2  3  4  5  6  7  8  9 10 11 12 |
---------------+-------------------------------------+-----
Stealth        | 1 |  1.1
Fighting       | 3 4 5 7 10 12 | 12.4
Dodging        | 3 4 5 7 10 | 10.0
Short Blades   | 1 |  1.2
Maces & Flails | 2 4 5 |  5.4
Armour         | 2 3 |  3.5
Long Blades    | 4 8 9 11 13 14 | 14.8
Evocations     | 3 |  3.0
Invocations    | 6 9 |  9.1
Throwing       | 3 4 |  4.1
Ranged Weapons | |  4.5

Action                   |  1- 3 |  4- 6 |  7- 9 | 10-12 || total
-------------------------+-------+-------+-------+-------++-------
Melee: Short sword       |    19 |       |       |       ||    19
       Unarmed           |     6 |       |       |       ||     6
       Headbutt          |    12 |    19 |    34 |   109 ||   174
       Dagger            |    70 |       |       |       ||    70
       Club              |    17 |   134 |    22 |       ||   173
       Punch             |     1 |     3 |     1 |    19 ||    24
       Double sword      |       |       |   132 |   494 ||   626
       Whip              |       |       |    16 |       ||    16
       Rapier            |       |       |       |    26 ||    26
 Fire: Shortbow          |     3 |       |       |       ||     3
       Arbalest          |       |       |       |     1 ||     1
Throw: Dart              |       |       |     2 |     5 ||     7
Invok: Heroism           |       |       |       |    22 ||    22
       Finesse           |       |       |       |     1 ||     1
Evoke: Wand              |       |       |     2 |       ||     2
  Use: Scroll            |       |     4 |     8 |     9 ||    21
       Potion            |       |       |     4 |     3 ||     7
 Stab: Sleeping          |     1 |     1 |       |       ||     2
Armor: Leather armour    |    20 |     2 |       |       ||    22
       Chain mail        |       |    75 |    50 |       ||   125
       Swamp dragon scal |       |       |    18 |   113 ||   131
       Troll leather arm |       |       |       |     8 ||     8
       Scale mail        |       |       |       |    55 ||    55
Dodge: Dodged            |    63 |    45 |   108 |   455 ||   671

Table legend: (Time is in decaauts)
 A = Elapsed time spent in this place.
 B = Non-inter-level travel time spent in this place.
 C = Inter-level travel time spent in this place.
 D = Time resting spent in this place.
 E = Time spent auto-exploring this place.
 F = Levels seen in this place.
 G = Mean time per level.
                   A        B        C        D        E       F      G
               +--------+--------+--------+--------+--------+-----+--------+
         Total |  13667 |  12814 |    853 |    792 |   9855 |  15 |  911.1 |
       Dungeon |  13647 |  12808 |    839 |    792 |   9853 |  14 |  974.8 |
        Temple |     19 |      5 |     14 |      0 |      2 |   1 |   19.0 |
               +--------+--------+--------+--------+--------+-----+--------+

Top non-repeatable levels by time:
     D:7: 1620 daAuts
     D:1: 1355 daAuts
     D:9: 1245 daAuts
    D:10: 1222 daAuts
     D:3: 1182 daAuts
    D:13: 1162 daAuts
     D:4: 984 daAuts
     D:8: 929 daAuts
     D:2: 922 daAuts
     D:6: 854 daAuts
     D:5: 816 daAuts
    D:11: 616 daAuts
    D:12: 587 daAuts
    D:14: 147 daAuts
  Temple: 19 daAuts
